 Dungeon Crawl Stone Soup version 0.32-a0-834-geaf45d8e21 (webtiles) character file.

Game seed: 12626756841815453120

520 smashvw the Magician (level 7, -4/36 HPs)
             Began as a Deep Elf Conjurer on Mar 25, 2024.
             Slain by a troll (8 damage)
             ... on level 5 of the Dungeon.
             The game lasted 00:10:14 (4697 turns).

smashvw the Magician (Deep Elf Conjurer)            Turns: 4697, Time: 00:10:14

Health: -4/36      AC:  3    Str:  4    XL:     7   Next: 1%
Magic:  14/19      EV: 11    Int: 25    God:
Gold:   252        SH:  0    Dex: 13    Spells: 9/20 levels left

rFire   . . .        (no weapon)
rCold   . . .        (no shield)
rNeg    . . .        a - +0 robe
rPois   .            (no helmet)
rElec   .            (no cloak)
rCorr   .            (no gloves)
SInv    .            m - +0 pair of boots
Will    .....        (no amulet)
Stlth   ++           (no ring)
HPRegen 0.26/turn    (no ring)
MPRegen 0.16/turn

%: no passive effects
@: no status effects
A: no striking features
a: no special abilities


You were on level 5 of the Dungeon.
You visited 1 branch of the dungeon, and saw 5 of its levels.

You collected 252 gold pieces.

Inventory:

Missiles
 f - 2 curare-tipped darts
 u - 2 poisoned darts
Armour
 a - a +0 robe (worn)
 m - a +0 pair of boots (worn)
Jewellery
 p - a ring of ice
Wands
 x - a wand of paralysis (10)
 y - a wand of flame (22)
Scrolls
 c - 2 scrolls of fog {unknown}
 h - 2 scrolls of enchant armour {unknown}
 j - 4 scrolls of teleportation {unknown}
 k - 2 scrolls of identify {unknown}
 n - a scroll of acquirement {unknown}
 q - a scroll of torment {unknown}
 r - a scroll of enchant weapon {unknown}
 t - a scroll of blinking {unknown}
 v - a scroll of noise {unknown}
Potions
 b - a potion of magic
 d - 4 potions of heal wounds {unknown}
 e - 2 potions of brilliance {unknown}
 g - 3 potions of might {unknown}
 i - a potion of invisibility {unknown}
 l - 5 potions of haste {unknown}
 o - a potion of degeneration {unknown}
 s - 2 potions of curing {unknown}
 w - a potion of lignification {unknown}


   Skills:
 - Level 2.4 Dodging
 - Level 2.4 Stealth
 + Level 7.0 Spellcasting
 + Level 6.8 Conjurations
 - Level 3.0 Translocations


You had 9 spell levels left.
You knew the following spells:

 Your Spells              Type           Power      Damage    Failure   Level
a - Magic Dart            Conj           100%       1d8       1%          1
b - Searing Ray           Conj           84%        2d7       1%          2
c - Iskenderun's Mystic   Conj/Tloc      33%        2d8       9%          4
d - Fulminant Prism       Conj/Alch      12%        3d8       16%         4

Your spell library contained the following spells:

 Spells                   Type           Power      Damage    Failure   Level
 Kiss of Death            Conj/Necr      100%       2d13      1%          1
 Dazzling Flash           Conj/Hex       50%        N/A       4%          3
 Summon Small Mammal      Summ           32%        N/A       7%          1
 Mephitic Cloud           Conj/Alch/Air  20%        N/A       8%          3
 Jinxbite                 Hex            16%        N/A       10%         2
 Volatile Blastmotes      Fire/Tloc      32%        2d12      11%         3
 Call Canine Familiar     Summ           8%         N/A       21%         3
 Confusing Touch          Hex            8%         N/A       21%         3
 Dispel Undead            Necr           8%         3d8       54%         4
 Summon Blazeheart Golem  Fire/Summ      8%         N/A       54%         4
 Curse of Agony           Necr           8%         N/A       88%         5
 Silence                  Hex/Air        4%         N/A       88%         5
 Yara's Violent Unravell  Hex/Alch       4%         3d4       88%         5
 Enfeeble                 Hex            4%         N/A       100%        7


Dungeon Overview and Level Annotations

Branches:
Dungeon (5/15)
 Temple: D:4-7

Altars:
Elyvilon


Message History

A troll comes into view.
Casting: Searing Ray (safe; 1% risk of failure)
Confirm with . or Enter, or press ? or * to list all spells.
Aiming: Fulminant Prism (extremely dangerous; 17% risk of failure)
Press: ? - help, Dir - move target You conjure a prism of explosive energy!
A fulminant prism comes into view.
The troll shouts!
You hear a loud crackle.
You hear an explosion!
You hear a shout!
You start resting.
Magic restored.
Press: ? - help, v - describe, . - travel The floor.
Unknown command.
Casting: Fulminant Prism (extremely dangerous; 17% risk of failure)
Confirm with . or Enter, or press ? or * to list all spells.
Aiming: Fulminant Prism (extremely dangerous; 17% risk of failure)
Press: ? - help, Dir - move target You conjure a prism of explosive energy!
A fulminant prism comes into view.
You hear a loud crackle.
You hear an explosion!
You feel a bit more experienced.
Your Spellcasting skill increases to level 7!
You have reached level 7!
Casting: Fulminant Prism (quite dangerous; 16% risk of failure)
Confirm with . or Enter, or press ? or * to list all spells.
Aiming: Fulminant Prism (quite dangerous; 16% risk of failure)
Press: ? - help, Dir - move target You can't see that place. [the floor.]
Okay, then.
The troll closely misses you. The troll barely misses you. The troll claws you!
The troll attacks as it pursues you! The troll bites you. The troll claws you!
The troll barely misses you. The troll attacks as it pursues you!
The troll bites you!
* * * LOW HITPOINT WARNING * * *
The troll claws you!
You die...

### ####.. #######.....
##........... #..........>.
###########.........
#...................
#..##.#.#.#<......... #
#@######..........
##T#.#.#..........
##.#.##.......... ..
####.#.......... .....
#.##.......... ........# #T
#.......... .......(.##
.*##..........
...........#########...........
................................


You could see a troll.

Vanquished Creatures
  A black bear (D:5)
  2 scorpions (D:4)
  A howler monkey (D:4)
  A bombardier beetle (D:5)
  An iguana (D:4)
  2 orc wizards (D:5)
  5 adders
  4 gnolls (D:4)
  2 river rats (D:4)
  A ribbon worm (D:3)
  9 orcs
  2 bats
  5 endoplasms
  6 giant cockroaches
  3 goblins (D:1)
  5 hobgoblins
  3 quokkas
  10 ball pythons
  3 frilled lizards
  6 kobolds
  5 rats
77 creatures vanquished.

Vanquished Creatures (others)
  3 fulminant prisms (D:5)
3 creatures vanquished.

Grand Total: 80 creatures vanquished

Notes
Turn   | Place    | Note
-------+----------+-------------------------------------------
     0 | D:1      | smashvw the Deep Elf Conjurer began the quest for the Orb.
     0 | D:1      | Reached XP level 1. HP: 10/10 MP: 6/6
   294 | D:1      | Reached skill level 1 in Translocations
   294 | D:1      | Reached XP level 2. HP: 15/15 MP: 4/8
   297 | D:1      | Learned a level 2 spell: Searing Ray
  1132 | D:2      | Found a faded altar of an unknown god.
  1228 | D:2      | Reached XP level 3. HP: 17/19 MP: 7/10
  1953 | D:3      | Reached skill level 4 in Spellcasting
  2131 | D:3      | Reached skill level 5 in Conjurations
  2346 | D:3      | Reached XP level 4. HP: 24/24 MP: 7/12
  2433 | D:3      | Learned a level 4 spell: Iskenderun's Mystic Blast
  2836 | D:4      | Found a white marble altar of Elyvilon.
  3046 | D:4      | Reached XP level 5. HP: 15/28 MP: 0/14
  3150 | D:4      | Reached skill level 5 in Spellcasting
  3543 | D:4      | Reached XP level 6. HP: 16/32 MP: 0/16
  3669 | D:4      | Learned a level 4 spell: Fulminant Prism
  3671 | D:4      | Reached skill level 6 in Spellcasting
  4158 | D:5      | Entered Level 5 of the Dungeon
  4650 | D:5      | Noticed a troll
  4693 | D:5      | Reached skill level 7 in Spellcasting
  4693 | D:5      | Reached XP level 7. HP: 36/36 MP: 13/19
  4697 | D:5      | Slain by a troll

Illustrated notes

Levels and vault maps discovered:
D:1:      ldierk_walled_garden, layout_loops_ring, minmay_misc_feat_room,
          nicolae_houndstooth_variations
D:2:      layout_basic, ebering_ecumenical_altar_sacrificial
D:3:      layout_basic
D:4:      layout_basic, nicolae_overflow_crystal_walls, gup_sewer_entry_bubbles,
          serial_glass, glass_columns_a, glass_columns_b, feat_on_display,
          due_unseen_surprise
D:5:      layout_layer_cave, eino_small_chamber_without_monster,
          minmay_small_thing

Skill      XL: |  1  2  3  4  5  6 |
---------------+-------------------+-----
Translocations | 1 2 3 |  3.0
Spellcasting   | 4 5 7 |  7.0
Conjurations   | 5 6 |  6.8
Dodging        | |  2.4
Stealth        | |  2.4

Action                     |  1- 3 |  4- 6 |  7- 9 || total
---------------------------+-------+-------+-------++-------
  Melee: Unarmed           |       |     7 |       ||     7
   Cast: Magic Dart        |    79 |    56 |       ||   135
         Searing Ray       |     2 |    13 |       ||    15
         Iskenderun's Myst |       |     5 |       ||     5
         Fulminant Prism   |       |     3 |       ||     3
 Armour: Robe              |     4 |    22 |     5 ||    31
  Dodge: Dodged            |     3 |    20 |     3 ||    26

Table legend: (Time is in decaauts)
 A = Elapsed time spent in this place.
 B = Non-inter-level travel time spent in this place.
 C = Inter-level travel time spent in this place.
 D = Time resting spent in this place.
 E = Time spent auto-exploring this place.
 F = Levels seen in this place.
 G = Mean time per level.
                   A        B        C        D        E       F      G
               +--------+--------+--------+--------+--------+-----+--------+
         Total |   4731 |   4652 |     79 |    190 |   3944 |   5 |  946.2 |
       Dungeon |   4731 |   4652 |     79 |    190 |   3944 |   5 |  946.2 |
               +--------+--------+--------+--------+--------+-----+--------+

Top non-repeatable levels by time:
     D:4: 1327 daAuts
     D:1: 1089 daAuts
     D:3: 1079 daAuts
     D:2: 695 daAuts
     D:5: 538 daAuts
